 Dungeon Crawl Stone Soup version 0.21.1-1-g345015fe64 (webtiles) character file.

1064 Mrkan the Archer (level 8, -5/69 HPs)
             Began as a Centaur Hunter on July 13, 2018.
             Was a Follower of Okawaru.
             Slain by a worker ant (6 damage)
             ... on level 5 of the Dungeon.
             The game lasted 00:15:12 (7032 turns).

Mrkan the Archer (Centaur Hunter)                   Turns: 7032, Time: 00:15:12

Health: -5/69      AC:  5    Str: 14    XL:     8   Next: 6%
Magic:  8/8        EV: 10    Int: 10    God:    Okawaru [*.....]
Gold:   203        SH:  0    Dex: 13    Spells: 7/7 levels left

rFire    . . .     SeeInvis .   u - -1 spear (curse)
rCold    . . .     Gourm    .   (no shield)
rNeg     . . .     Faith    .   c - +0 leather armour
rPois    .         Spirit   .   (no helmet)
rElec    .         Reflect  .   (no cloak)
rCorr    .         Harm     .   k - +0 pair of gloves
MR       .....                  (no barding)
Stlth    +.........             (no amulet)
HPRegen  0.21/turn              (no ring)
MPRegen  0.11/turn              (no ring)

@: lethally poisoned (-5 -> -14), very quick
A: large, hooves 3, deformed body, speed 2, tough skin 3
a: Heroism, Renounce Religion


You were on level 5 of the Dungeon.
You worshipped Okawaru.
Okawaru was aware of your devotion.
You were not hungry.

You visited 1 branch of the dungeon, and saw 5 of its levels.

You collected 203 gold pieces.

Inventory:

Hand Weapons
 a - a +1 shortbow
 b - a +0 short sword
 u - a cursed -1 spear (weapon)
Missiles
 d - 28 arrows
Armour
 c - a +0 leather armour (worn)
 k - a +0 pair of gloves (worn)
 w - a +0 leather armour
 x - a cursed +0 chain mail
 y - a +0 scale mail
Jewellery
 s - an uncursed ring of magical power {unknown}
 t - a +2 ring of protection {unknown}
Wands
 n - a wand of flame (7)
Scrolls
 e - 6 scrolls of identify {unknown}
 g - 2 scrolls of fog {unknown}
 h - 4 scrolls of teleportation {unknown}
 i - a scroll of magic mapping {unknown}
 j - a scroll of blinking {unknown}
 l - 3 scrolls of amnesia {unknown}
 o - a scroll of fear {unknown}
 q - a scroll of enchant weapon {unknown}
 r - 2 scrolls of remove curse {unknown}
Potions
 v - a potion of degeneration {unknown}
Books
 p - a book of Changes

   Spells                             Type                      Level
   a - Beastly Appendage              Transmutation                1
   b - Sticks to Snakes               Transmutation                2
   c - Spider Form                    Transmutation/Poison         3
   d - Ice Form                       Ice/Transmutation            4
   e - Blade Hands                    Transmutation                5
Comestibles
 f - 5 rations


   Skills:
 + Level 5.6 Fighting
 * Level 10.6 Bows
 - Level 2.0 Dodging
 - Level 1.3 Stealth


You had 7 spell levels left.
You didn't know any spells.

Dungeon Overview and Level Annotations

Branches:
Dungeon (5/15)
 Temple: D:4-7

Altars:
Cheibriados
Dithmenos
Fedhas
Hepliaklqana
Okawaru
Vehumet
Zin


Innate Abilities, Weirdness & Mutations

You have hooves in place of feet.
Armour fits poorly on your strangely shaped body.
You cover ground very quickly.
You have extremely tough skin. (AC +3)


Message History

The worker ant bites you but does no damage.
You hit the worker ant.
You kick the worker ant, but do no damage.
The worker ant is heavily wounded.
The worker ant bites you.
* * * LOW HITPOINT WARNING * * *
You are lethally poisoned!
The worker ant poisons you!
You closely miss the worker ant.
The worker ant is heavily wounded.
* * * LOW HITPOINT WARNING * * *
You feel sick. The worker ant barely misses you. The worker ant bites you.
* * * LOW HITPOINT WARNING * * *
You are more poisoned.
The worker ant poisons you!
You hit the worker ant. You kick the worker ant.
The worker ant is almost dead.
* * * LOW HITPOINT WARNING * * *
You feel sick. The worker ant bites you.
You die...

#.# #.##.# #.#
###.########.# #.#
.............# #.#
....#####.####
#######.###### ....# #.#..
.............# ..### #.#.#
#######.####.#
..#######.#.# #.....#.# #.#
#>........#.# #.###.#.# #.#
###########.####@#...#.#
#.# #.............a#.###.#
#.#
#.#####.#.#.......a..####.#
#.# ##+###.####.#a(......#
#.# ##...##......#a########
#.###.a...#.###.<#.#
#...#.....#.....##a# #####
aa.#########.# #'##.# #.#


You could see a worker ant.

Vanquished Creatures
  2 sky beasts (D:5)
  A phantom (D:5)
  3 ogres
  A crimson imp (D:5)
  A hound (D:4)
  3 orc wizards
  2 orc priests
  Terence (D:2)
  5 worker ants (D:5)
  A hound zombie (D:5)
  8 adders
  An ooze (D:4)
  2 worms
  A dart slug (D:2)
  2 leopard geckos
  7 orcs
  3 giant cockroaches
  9 goblins
  9 hobgoblins
  3 jackals (D:5)
  4 bats
  4 frilled lizards
  4 kobolds
  A leopard gecko skeleton (D:4)
  A quokka skeleton (D:4)
  8 rats
87 creatures vanquished.

Vanquished Creatures (others)
  An orc wizard (D:3)
1 creature vanquished.

Grand Total: 88 creatures vanquished

Notes
Turn   | Place    | Note
-------+----------+-------------------------------------------
     0 | D:1      | Mrkan the Centaur Hunter began the quest for the Orb.
     0 | D:1      | Reached XP level 1. HP: 17/17 MP: 1/1
   943 | D:2      | Reached XP level 2. HP: 21/24 MP: 2/2
  1153 | D:2      | Found a snail-covered altar of Cheibriados.
  1196 | D:2      | Reached skill level 1 in Stealth
  1196 | D:2      | Reached XP level 3. HP: 30/30 MP: 3/3
  1272 | D:2      | Found a blossoming altar of Fedhas.
  1890 | D:2      | Noticed Terence
  1920 | D:2      | Killed Terence
  1920 | D:2      | Reached XP level 4. HP: 37/37 MP: 4/4
  1985 | D:2      | Reached skill level 6 in Bows
  2087 | D:2      | Found a faded altar of an unknown god.
  2087 | D:2      | Found a faded altar of an unknown god.
  2320 | D:2      | Found an iron altar of Okawaru.
  2327 | D:2      | Found a glowing silver altar of Zin.
  2329 | D:2      | Found a shadowy altar of Dithmenos.
  2444 | D:2      | Became a worshipper of Warmaster Okawaru
  2966 | D:3      | Reached XP level 5. HP: 19/45 MP: 5/5
  2973 | D:3      | Reached skill level 7 in Bows
  3383 | D:3      | Found a hazy altar of Hepliaklqana.
  3878 | D:4      | Found a radiant altar of Vehumet.
  4315 | D:4      | Reached XP level 6. HP: 45/52 MP: 6/6
  4627 | D:4      | Reached skill level 8 in Bows
  5098 | D:5      | Entered Level 5 of the Dungeon
  5161 | D:5      | Noticed a sky beast
  5183 | D:5      | Reached * piety under Okawaru
  5183 | D:5      | Reached XP level 7. HP: 60/60 MP: 7/7
  5187 | D:5      | Reached skill level 9 in Bows
  5759 | D:5      | Reached skill level 5 in Fighting
  6142 | D:5      | Reached skill level 10 in Bows
  7013 | D:5      | Reached XP level 8. HP: 54/69 MP: 8/8
  7023 | D:5      | HP: 3/69 [worker ant (1)]
  7024 | D:5      | HP: 1/69 [poisoned by a worker ant]
  7031 | D:5      | HP: 2/69 [worker ant (2)]
  7032 | D:5      | Slain by a worker ant

Skill      XL: |  1  2  3  4  5  6  7 |
---------------+----------------------+-----
Stealth        | 1 |  1.3
Dodging        | 2 |  2.0
Bows           | 6 7 8 10 | 10.6
Fighting       | 3 4 5 |  5.6

Action                   |  1- 3 |  4- 6 |  7- 9 || total
-------------------------+-------+-------+-------++-------
Melee: Shortbow          |       |       |    20 ||    20
       Kick              |       |       |    12 ||    12
       Spear             |       |       |    18 ||    18
 Fire: Shortbow          |   103 |   184 |    77 ||   364
  Use: Potion            |       |       |     3 ||     3
  Eat: Chunk             |     1 |     5 |     3 ||     9
       Ration            |       |     1 |     1 ||     2
Armor: Leather armour    |    26 |    21 |    30 ||    77
Dodge: Dodged            |    35 |    24 |    28 ||    87
